AoeStats
← 🅳🆁🅸🆅🅴🆁

Nomad

507968160Analyzed
2v2 RM · 12d ago on Sep 20, 2026· 46m 18s· 4 players
Game mode
Random Map
Map size
176×176
Population
200
Speed
Normal
Resources
Standard
Victory
Conquest
Starting age
Dark Age
Ending age
Imperial Age
RankedLock teamsTeams togetherTeam positionsShared explorationLock speedFull tech treeHidden civsTurbo modeCheats
Victory
Defeat
🇨🇳 Berbers · China
932
+10
🇵🇱 Slavs · Poland
858
+13
🇰🇷 Romans · South Korea
918
-34
668
-11
TotalNoobPL
5:24 Loom
15:05 Feudal Age
16:00 Double-Bit Axe
21:11 Fletching
21:44 Stone Mining
22:56 Town Watch
23:20 Horse Collar
24:18 Padded Archer Armor
29:21 Castle Age
30:14 Crossbowman
31:53 Gold Mining
32:23 Pikeman
41:19 Gold Shaft Mining
42:03 Bow Saw
43:15 Redemption
45:02 Wheelbarrow
45:54 Bodkin Arrow
46:10 Forging
46:00 Scale Mail Armor
46:16 Leather Archer Armor
45:25 Elite Skirmisher
47:01 Sanctity
moresky
5:22 Loom
16:06 Feudal Age
16:37 Double-Bit Axe
17:15 Fishing Lines
21:49 Castle Age
21:58 Bloodlines
24:33 Wheelbarrow
24:41 Husbandry
29:10 Gold Mining
29:20 Stone Mining
31:03 Scale Barding Armor
31:08 Forging
37:28 Horse Collar
39:13 Hand Cart
38:44 Town Watch
42:03 Gillnets
46:45 Imperial Age
44:38 Chain Barding Armor
44:09 Fletching
🅳🆁🅸🆅🅴🆁
14:50 Feudal Age
17:33 Man-at-Arms
28:00 Forging
31:44 Castle Age
32:31 Pikeman
-V- РОЗОВЫЙ НЕЖДАН
19:17 Feudal Age
17:34 Loom
19:54 Horse Collar
21:18 Arson
23:39 Double-Bit Axe
Connection lost

Rejoining the realm…

Still unreachable

The connection could not be restored.

Session expired

The server has moved on; the page needs a fresh start.